[Event "ICC tourney 2266 (75 10)"]
[Site "Internet Chess Club"]
[Date "2021.01.03"]
[Round "6"]
[White "Ambuli123"]
[Black "PawnEatingZombi"]
[Result "0-1"]
[ICCResult "White resigns"]
[WhiteElo "2159"]
[BlackElo "2190"]
[Opening "Queen's gambit declined"]
[ECO "D30"]
[NIC "QP.08"]
[Time "18:07:09"]
[PlyCount "88"]
[TimeControl "4500+10"]

1. d4 d5 2. c4 e6 3. Nf3 dxc4 4. e3 b5 5. a4 c6 6. b3 Bb4+ 7. Bd2 Bxd2+ 8.
Nfxd2 Ne7 9. bxc4 b4 10. c5 a5 11. Nc4 O-O 12. Bd3 Nd7 13. O-O f5 14. Nbd2
Nxc5 15. dxc5 Qxd3 16. Nb6 Ba6 17. Nxa8 Rxa8 18. Re1 Nd5 19. Nb3 Nc3 20.
Qf3 Bc4 21. Qxc6 Bd5 22. Qd7 Ne2+ 23. Rxe2 Qxe2 24. c6 Bxb3 25. c7 Qa6 26.
Qd8+ Kf7 27. Qd7+ Kg6 28. Rc1 Qc8 29. Qe7 Bxa4 30. g4 Qd7 31. gxf5+ exf5
32. Qc5 Rc8 33. Rc4 h6 34. Qxa5 Bc6 35. Rd4 Qxc7 36. Qxb4 Be4 37. Qd6+ Qxd6
38. Rxd6+ Kh7 39. h4 g5 40. hxg5 hxg5 41. Kh2 Rc6 42. Rd7+ Kg6 43. Kg3 Rc2
44. f3 Re2 { White resigns } 0-1

[Event "ICC tourney 2266 (75 10)"]
[Site "Internet Chess Club"]
[Date "2021.01.03"]
[Round "6"]
[White "yanzhe"]
[Black "chessw23"]
[Result "1/2-1/2"]
[ICCResult "Game drawn by mutual agreement"]
[WhiteElo "1929"]
[BlackElo "1944"]
[Opening "Queen's gambit declined"]
[ECO "D30"]
[NIC "QP.08"]
[Time "18:07:01"]
[PlyCount "77"]
[TimeControl "4500+10"]

1. d4 d5 2. c4 e6 3. Nf3 Nf6 4. e3 Be7 5. Bd3 O-O 6. O-O b6 7. b3 Bb7 8.
Bb2 c5 9. Nbd2 dxc4 10. bxc4 cxd4 11. exd4 Qc7 12. Qe2 Re8 13. Rac1 Nbd7
14. Rfd1 Nf8 15. c5 Nd5 16. Bb5 Red8 17. Nc4 bxc5 18. dxc5 Ng6 19. Nce5
Ndf4 20. Rxd8+ Rxd8 21. Qe3 Bxc5 22. Bd4 Bxd4 23. Rxc7 Bxe3 24. fxe3 Bxf3
25. Nxf3 Nd5 26. Rxa7 Nxe3 27. a4 h6 28. a5 Rb8 29. Bc6 Rb2 30. Nd4 Ne5 31.
a6 Rb4 32. Rb7 Rxd4 33. a7 Rd1+ 34. Kf2 N3g4+ 35. Ke2 Ra1 36. Rb8+ Kh7 37.
a8=Q Rxa8 38. Bxa8 Nxh2 39. Be4+ { Game drawn by mutual agreement } 1/2-1/2

[Event "ICC tourney 2266 (75 10)"]
[Site "Internet Chess Club"]
[Date "2021.01.03"]
[Round "6"]
[White "TjkTiger"]
[Black "gmRohde"]
[Result "1-0"]
[ICCResult "Black resigns"]
[WhiteElo "2597"]
[BlackElo "2440"]
[Opening "English: symmetrical variation"]
[ECO "A37"]
[NIC "EO.28"]
[Time "18:07:09"]
[PlyCount "77"]
[TimeControl "4500+10"]

1. c4 c5 2. g3 g6 3. Bg2 Bg7 4. Nc3 Nc6 5. Nf3 d6 6. O-O Nf6 7. d4 cxd4 8.
Nxd4 Bd7 9. b3 O-O 10. Bb2 Qa5 11. Nc2 Ng4 12. Qd2 Qh5 13. h3 Nf6 14. Nd5
Bxh3 15. Nf4 Qh6 16. Bxh3 e5 17. Kg2 exf4 18. Qxf4 Qxf4 19. gxf4 Rfe8 20.
e3 Rad8 21. Rad1 Ne4 22. Bxg7 Kxg7 23. a3 f5 24. Kg1 Kf6 25. Bg2 g5 26.
fxg5+ Nxg5 27. Rd5 Nf7 28. Rb5 Re7 29. Rd1 a6 30. Rb6 Rc7 31. Nb4 Nxb4 32.
axb4 Ke7 33. b5 axb5 34. Rxb5 Ne5 35. Kf1 Rb8 36. Ke2 Ke6 37. Bh3 Ng4 38.
e4 h5 39. Rxf5 { Black resigns } 1-0

[Event "ICC tourney 2266 (75 10)"]
[Site "Internet Chess Club"]
[Date "2021.01.03"]
[Round "6"]
[White "Volkov"]
[Black "jy2020"]
[Result "1/2-1/2"]
[ICCResult "Game drawn by mutual agreement"]
[WhiteElo "2607"]
[BlackElo "2213"]
[Opening "Nimzo-Indian: Kmoch variation"]
[ECO "E20"]
[NIC "NI.30"]
[Time "18:06:36"]
[PlyCount "192"]
[TimeControl "4500+10"]

1. d4 Nf6 2. c4 e6 3. Nc3 Bb4 4. f3 d5 5. a3 Be7 6. e4 dxe4 7. fxe4 c5 8.
d5 exd5 9. exd5 O-O 10. Be2 Bd6 11. Nb5 Ne4 12. Nxd6 Qxd6 13. Nf3 Nd7 14.
O-O Ndf6 15. Ng5 Nxg5 16. Bxg5 Ne4 17. Bf4 Qg6 18. Bh5 Qb6 19. Qf3 f5 20.
Qe2 Bd7 21. Qc2 Be8 22. Bf3 Bg6 23. Rad1 Rad8 24. g4 h6 25. gxf5 Bxf5 26.
Bxe4 Qg6+ 27. Qg2 Bxe4 28. Qxg6 Bxg6 29. b4 cxb4 30. axb4 Bc2 31. Rd4 g5
32. Be3 Rxf1+ 33. Kxf1 Bb3 34. d6 Kf7 35. c5 Ba4 36. h4 gxh4 37. Rxh4 Ke6
38. Rxh6+ Kd5 39. Rh4 a6 40. Ke2 Bb5+ 41. Kd2 Kc6 42. Kc3 Kd5 43. Rh5+ Ke6
44. Kd4 Rd7 45. Re5+ Kf7 46. Bg5 Bc6 47. Be7 Kg6 48. Re6+ Kf7 49. Rf6+ Kg7
50. Rf2 Ba4 51. Kd5 Bb3+ 52. Ke5 Kg6 53. Rb2 Bc4 54. Kd4 Be6 55. Rg2+ Kf7
56. Rf2+ Kg7 57. Ke5 Bc4 58. Rf8 Bb3 59. Rb8 Kf7 60. Rf8+ Kg7 61. Kf5 Bc4
62. Kg5 Bb3 63. Rf3 Bd5 64. Rf2 Bc4 65. Kf5 Kf7 66. Ke5+ Kg7 67. Rf3 Ba2
68. Kd4 Be6 69. Rf2 Bb3 70. Rb2 Be6 71. b5 axb5 72. Rxb5 Kf7 73. Ke5 Bc4
74. Rb4 Ba2 75. Rf4+ Kg7 76. Kd4 Be6 77. Kc3 Bd5 78. Kb4 Kg6 79. Ka5 Kg7
80. Kb6 Kg6 81. Rf6+ Kg7 82. Rf5 Bc6 83. Ka7 Be4 84. Rf4 Bd5 85. Kb8 Bc6
86. Kc8 Kg6 87. Rf2 Kg7 88. Rf8 Kg6 89. Rd8 Rxd8+ 90. Bxd8 Kf7 91. Kc7 Ke6
92. Bh4 Ba4 93. Bf2 Bc6 94. Bg1 Bb5 95. Kxb7 Kd7 96. Kb6 Bc6 { Game drawn
by mutual agreement } 1/2-1/2

[Event "ICC tourney 2266 (75 10)"]
[Site "Internet Chess Club"]
[Date "2021.01.03"]
[Round "6"]
[White "edmehu"]
[Black "marble"]
[Result "1/2-1/2"]
[ICCResult "Game drawn by mutual agreement"]
[WhiteElo "2212"]
[BlackElo "2508"]
[Opening "Robatsch defense: Geller's system"]
[ECO "B06"]
[NIC "KF.05"]
[Time "18:06:39"]
[PlyCount "89"]
[TimeControl "4500+10"]

1. e4 g6 2. d4 Bg7 3. Nf3 d6 4. c3 Nf6 5. Bd3 Nbd7 6. O-O e5 7. Re1 O-O 8.
Bg5 h6 9. Bh4 Re8 10. Nbd2 b6 11. a4 a6 12. Qc2 Bb7 13. Rad1 Qe7 14. Re2
Qf8 15. Bg3 Nh5 16. Rde1 Nxg3 17. hxg3 Re7 18. b4 Kh7 19. Nf1 Nf6 20. d5 c6
21. dxc6 Bxc6 22. c4 Rc7 23. Qb3 Bb7 24. N3d2 h5 25. Nb1 Bh6 26. Nc3 Qe7
27. Rc2 Kg7 28. Ree2 Rh8 29. Nd5 Nxd5 30. cxd5 Rxc2 31. Rxc2 h4 32. g4 Rc8
33. Be2 Rc7 34. Rc4 Rxc4 35. Qxc4 Qd7 36. b5 axb5 37. axb5 Bg5 38. Qc3 Qd8
39. Ne3 Bxe3 40. Qxe3 Bc8 41. g5 Qc7 42. Kh2 Bd7 43. f4 Qc2 44. fxe5 dxe5
45. Qxb6 { Game drawn by mutual agreement } 1/2-1/2

[Event "ICC tourney 2266 (75 10)"]
[Site "Internet Chess Club"]
[Date "2021.01.03"]
[Round "5"]
[White "SuperPuzzler"]
[Black "MrNormalName"]
[Result "1/2-1/2"]
[ICCResult "Game drawn by repetition"]
[WhiteElo "1969"]
[BlackElo "2174"]
[Opening "Ruy Lopez: Berlin defense"]
[ECO "C65"]
[NIC "RL.07"]
[Time "15:48:18"]
[PlyCount "225"]
[TimeControl "4500+10"]

1. e4 e5 2. Nf3 Nc6 3. Bb5 Nf6 4. d3 Bc5 5. c3 O-O 6. O-O d6 7. Nbd2 Ne7 8.
h3 c6 9. Ba4 Ng6 10. Bc2 Bb6 11. Re1 Re8 12. Nf1 d5 13. Qe2 Be6 14. Be3
Bxe3 15. Qxe3 Qc7 16. Ng3 dxe4 17. dxe4 b6 18. Rad1 Rad8 19. b3 Nf4 20. Ne2
Nxe2+ 21. Qxe2 Nh5 22. Qe3 Nf4 23. Kh2 f6 24. Ng1 Qc8 25. Bd3 Nxd3 26. Rxd3
Rxd3 27. Qxd3 Rd8 28. Qe2 Qd7 29. Nf3 Qd3 30. Qb2 Rd7 31. Re3 Qd1 32. Re1
Qd6 33. Re2 a5 34. Rd2 Qe7 35. Rxd7 Qxd7 36. Qe2 a4 37. bxa4 Qd6 38. Qa6
Qc5 39. Kg3 Kf7 40. Qb7+ Kg6 41. Qb8 Kh6 42. Qd8 Qc4 43. Qxb6 Qxa4 44. Qe3+
Kg6 45. Nh4+ Kf7 46. Nf5 Bxf5 47. exf5 Qxa2 48. Qb6 Qd5 49. Qc7+ Kf8 50.
Qc8+ Ke7 51. Qb7+ Qd7 52. Qb4+ Ke8 53. Qb8+ Ke7 54. Qb4+ Qd6 55. Qb7+ Kd8
56. Qxg7 Qd3+ 57. Kh2 Qxf5 58. Qf8+ Kd7 59. Qf7+ Kd6 60. Qf8+ Kd5 61. Qf7+
Kc5 62. Qe7+ Kc4 63. Qb4+ Kd5 64. Qb3+ Kd6 65. Qb4+ c5 66. Qb6+ Kd5 67.
Qb3+ Kc6 68. Qa4+ Kd6 69. Qd1+ Kc7 70. Qe2 e4 71. g3 Qf3 72. Qd2 Kc6 73. c4
Qd3 74. Qa2 Kd6 75. Kg2 Ke5 76. Qb2+ Kf5 77. Qc1 Qf3+ 78. Kg1 e3 79. fxe3
Qxg3+ 80. Kf1 Qxh3+ 81. Ke2 Qg2+ 82. Kd3 h5 83. Qe1 Qe4+ 84. Kc3 h4 85.
Qf2+ Ke6 86. Qg1 Qe5+ 87. Kd2 Qg3 88. Qh1 h3 89. Qe4+ Qe5 90. Qg4+ Qf5 91.
Qg3 Qh5 92. Qh2 Qg4 93. Qb8 Qg2+ 94. Kd3 Qf1+ 95. Kc3 Qc1+ 96. Kd3 Qd1+ 97.
Kc3 Qa1+ 98. Kd3 Qf1+ 99. Kc3 Qf3 100. Kd3 Qf5+ 101. Kd2 Qf2+ 102. Kd3 h2
103. Qe8+ Kd6 104. Qd8+ Kc6 105. Qc8+ Kb6 106. Qb8+ Ka6 107. Qa8+ Kb6 108.
Qb8+ Kc6 109. Qc8+ Kd6 110. Qd8+ Ke6 111. Qe8+ Kf5 112. Qh5+ Ke6 113. Qe8+
{ Game drawn by repetition } 1/2-1/2

[Event "ICC tourney 2266 (75 10)"]
[Site "Internet Chess Club"]
[Date "2021.01.03"]
[Round "6"]
[White "giorgibagaturov"]
[Black "BlueJay01"]
[Result "1-0"]
[ICCResult "Black resigns"]
[WhiteElo "2481"]
[BlackElo "2098"]
[Opening "Queen's pawn game, Darooha variation "]
[ECO "D11"]
[NIC "QP.08"]
[Time "18:06:24"]
[PlyCount "171"]
[TimeControl "4500+10"]

1. d4 d5 2. Nf3 Nf6 3. c4 c6 4. Qc2 e6 5. g3 Nbd7 6. Bg2 b6 7. O-O Bb7 8.
b3 Bd6 9. Nc3 O-O 10. Rd1 Rc8 11. e4 dxe4 12. Ng5 Be7 13. Ngxe4 Nxe4 14.
Nxe4 Nf6 15. Bf4 Nxe4 16. Bxe4 g6 17. h4 Bf6 18. Rd2 Qe7 19. Rad1 Rfd8 20.
Be5 Rd7 21. c5 Rcd8 22. Bd6 Rxd6 23. cxd6 Rxd6 24. b4 Qd7 25. Qc3 Bg7 26.
Qe3 Ba6 27. Qc3 Bb7 28. a4 Bh6 29. Rc2 e5 30. b5 c5 31. d5 Bg7 32. Rcd2 f5
33. Bc2 e4 34. Qc4 Bd4 35. Rxd4 cxd4 36. Qxd4 Qg7 37. Qe3 Qe5 38. Bb3 Kg7
39. Kh2 Bxd5 40. Qd2 Bxb3 41. Qxd6 Qxd6 42. Rxd6 Bxa4 43. Rd7+ Kh6 44. Rxa7
Bxb5 45. Rb7 Be2 46. Rxb6 Kh5 47. Rb7 h6 48. Rf7 Bc4 49. Rf6 Be2 50. Kg2
Bd3 51. Rf8 Be2 52. Kh3 Bg4+ 53. Kh2 Bf3 54. Kg1 Be2 55. Rf7 Bc4 56. Rh7
Bd3 57. Kg2 Be2 58. Rh8 Bc4 59. f3 exf3+ 60. Kxf3 g5 61. hxg5 Kxg5 62. Rh7
Bb3 63. Rg7+ Kf6 64. Rd7 Kg5 65. Ke3 Be6 66. Rd6 Bf7 67. Kd4 h5 68. Rd7 Bg6
69. Ke5 h4 70. gxh4+ Kxh4 71. Rd1 Bh5 72. Rg1 Bg4 73. Kf4 Kh3 74. Ra1 Kg2
75. Ra2+ Kg1 76. Rb2 Kf1 77. Ke3 Kg1 78. Rf2 Kh1 79. Kf4 Bh5 80. Kg3 f4+
81. Rxf4 Kg1 82. Rf2 Bd1 83. Rf5 Bc2 84. Rc5 Bd3 85. Rc1+ Bf1 86. Rd1 {
Black resigns } 1-0